 Dungeon Crawl Stone Soup version 0.30.0-19-gbf45117a57 (webtiles) character file.

Game seed: 7289992342612089485

261 qw the Chopper (level 6, -1/37 HPs)
             Began as a Gargoyle Fighter on May 25, 2023.
             Slain by Sigmund
             ... wielding a +6 vampiric scythe
              (2 damage)
             ... on level 3 of the Dungeon.
             The game lasted 00:00:52 (2084 turns).

qw the Chopper (Gargoyle Fighter)                   Turns: 2084, Time: 00:00:53

Health: -1/37      AC: 14    Str: 21    XL:     6   Next: 18%
Magic:  6/6        EV:  7    Int:  9    God:
Gold:   106        SH:  4    Dex:  9    Spells: 5/5 levels left

rFire   . . .        Y - +1 war axe
rCold   . . .        c - +0 buckler
rNeg    + . .        g - +0 chain mail
rPois   inf          (no helmet)
rElec   +            (no cloak)
rCorr   .            (no gloves)
SInv    .            h - +0 pair of boots
Will    .....        (no amulet) Stlth
                     (no ring)
HPRegen 0.26/turn    (no ring)
MPRegen 0.10/turn

%: no passive effects
@: no status effects
A: sickness immunity, AC +4, negative energy resistance 1, electricity
resistance, torment resistance 1, petrification resistance
a: no special abilities


You were on level 3 of the Dungeon.
You visited 1 branch of the dungeon, and saw 3 of its levels.

You collected 106 gold pieces.


Innate Abilities, Weirdness & Mutations

You are immune to sickness and miasma.
Your stone body is resilient. (AC +4)
You are immune to poison.
You resist negative energy. (rN+)
You are resistant to electric shocks. (rElec)
You are resistant to unholy torment.
You are immune to petrification.


   Skills:
 + Level 3.3 Fighting
 - Level 5.7 Axes
 - Level 3.2 Armour
 - Level 3.2 Shields


You had 5 spell levels left.
You didn't know any spells.
Your spell library was empty.

Inventory:

Hand Weapons
 k - a +0 mace of protection
 Y - a +1 war axe (weapon)
Armour
 c - a +0 buckler (worn)
 g - a +0 chain mail (worn)
 h - a +0 pair of boots (worn)
Potions
 d - a potion of might
 e - 2 potions of lignification
 f - a potion of curing
 i - a potion of invisibility {unknown}
 j - a potion of degeneration {unknown}
 l - a potion of magic {unknown}

Dungeon Overview and Level Annotations

Branches:
Dungeon (3/15)

Altars:
Wu Jian

Annotations:
D:3 Sigmund


Message History

a +0 whip; a kobold corpse Sigmund the Dreaded comes into view.
He is wielding a +6 vampiric scythe, wearing a +1 robe of fire resistance and carrying a wand of flame (18).
You barely miss the goblin. You block the goblin's attack.
The goblin hits you but does no damage.
You closely miss the goblin. The goblin barely misses you.
You barely miss the goblin. The goblin hits you but does no damage.
You closely miss the goblin. The goblin hits you but does no damage.
You slash the goblin!
You kill the goblin!
Sigmund mumbles some strange words.
Sigmund flickers and vanishes!
Deactivating autopickup; reactivate with Ctrl-A.
Something hits you.
You swing at nothing.
You swing at nothing.
Something hits you but does no damage.
You swing at nothing.
Something hits you!
You swing at nothing.
You hear some strange, mumbled words.
Something tries to affect you, but you resist.
You swing at nothing.
Something hits you!
You swing at nothing.
You hear some strange, mumbled words.
You are confused.
You're too confused to move!
A magic dart appears from out of thin air!
The magic dart hits you.
A magic dart appears from out of thin air!
The magic dart hits you but does no damage.
You're too confused to move!
Something hits you!
You feel less confused.
You swing at nothing.
Something hits you.
You die...

#... #.# #... #.# #...
#.# #... ###.########
#... #..........#
####!.)######.#.#.####..
.......{.>....#.....##..
........................
.......@......##....##..
####...######..........<
#... ####.#..#### #...
#...... #... #..#.#..
#... .........# #...
.........# #...
.......#..# ....


There were no monsters in sight!

Vanquished Creatures
  Grinder (D:3)
  A gnoll (D:1)
  An adder (D:3)
  A worm (D:2)
  2 dart slugs (D:1)
  5 ball pythons
  5 endoplasms
  2 giant cockroaches (D:2)
  5 goblins
  A hobgoblin (D:2)
  2 jackals (D:1)
  6 kobolds
  2 quokkas (D:2)
  7 bats
  A frilled lizard (D:1)
  6 rats
48 creatures vanquished.

Notes
Turn   | Place    | Note
-------+----------+-------------------------------------------
     0 | D:1      | qw the Gargoyle Fighter began the quest for the Orb.
     0 | D:1      | Reached XP level 1. HP: 14/14 MP: 1/1
     0 | D:1      | 0 ||| qw: Version: 0.2-a-98-g5d7165a
     0 | D:1      | 0 ||| qw: Game counter: 79
     0 | D:1      | 0 ||| qw: Always use a shield: true
     0 | D:1      | 0 ||| qw: God list: Okawaru
     0 | D:1      | 0 ||| qw: Allow faded altars: false
     0 | D:1      | 0 ||| qw: Do Orc after D:15 true
     0 | D:1      | 0 ||| qw: Do second Lair branch before Depths: true
     0 | D:1      | 0 ||| qw: Lair rune preference: random
     0 | D:1      | 0 ||| qw: Plans: Normal, Zot:1-4, God:TSO, Crypt, Tomb,
                  | Pan, Slime:5, Hells, Abyss, Win
     0 | D:1      | 0 ||| PLANNING D:1-11
   117 | D:1      | Reached skill level 2 in Axes
   275 | D:1      | 275 ||| Stepping ~*~*~tactically~*~*~ (stealth).
   280 | D:1      | Reached XP level 2. HP: 18/19 MP: 2/2
   315 | D:1      | Reached skill level 3 in Axes
   315 | D:1      | Reached XP level 3. HP: 17/23 MP: 3/3
   366 | D:1      | 366 ||| Stepping ~*~*~tactically~*~*~ (hiding).
   369 | D:1      | 369 ||| Stepping ~*~*~tactically~*~*~ (hiding).
   370 | D:1      | 370 ||| Stepping ~*~*~tactically~*~*~ (hiding).
   397 | D:1      | 397 ||| Stepping ~*~*~tactically~*~*~ (hiding).
   398 | D:1      | 398 ||| Stepping ~*~*~tactically~*~*~ (hiding).
   554 | D:1      | 554 ||| DROPPING +0 club.
   741 | D:1      | 741 ||| READING scroll labelled JUHADWILUCU.
   742 | D:1      | 742 ||| READING scroll labelled GAILAK PEATS.
   745 | D:1      | 745 ||| READING scroll labelled JETE LENY IPSOCUEW.
   746 | D:1      | 746 ||| READING scroll labelled APNYWN YFEROD.
   747 | D:1      | 747 ||| DRINKING 2 metallic golden potions.
  1454 | D:2      | Reached XP level 4. HP: 27/28 MP: 4/4
  1468 | D:2      | 1468 ||| Stepping ~*~*~tactically~*~*~ (stealth).
  1584 | D:2      | Found an ornate altar of the Wu Jian Council.
  1897 | D:2      | 1897 ||| UPGRADING to +0 chain mail.
  1907 | D:2      | 1907 ||| DROPPING +0 scale mail.
  1908 | D:2      | 1908 ||| UPGRADING to +0 pair of boots.
  1913 | D:2      | 1913 ||| READING scroll labelled VOAMAA BAKKO.
  1950 | D:3      | Reached skill level 4 in Axes
  1950 | D:3      | Noticed Grinder
  1951 | D:3      | 1951 ||| Stepping ~*~*~tactically~*~*~ (hiding).
  1953 | D:3      | 1953 ||| Stepping ~*~*~tactically~*~*~ (hiding).
  1954 | D:3      | 1954 ||| Stepping ~*~*~tactically~*~*~ (hiding).
  1974 | D:3      | Paralysed by Grinder for 2 turns
  1978 | D:3      | Killed Grinder
  1979 | D:3      | Reached skill level 5 in Axes
  1979 | D:3      | Reached XP level 5. HP: 17/32 MP: 5/5
  1979 | D:3      | Reached XP level 6. HP: 20/37 MP: 6/6
  2067 | D:3      | Noticed Sigmund
  2082 | D:3      | HP: 1/37 [something (11)]
  2084 | D:3      | Slain by Sigmund

Levels and vault maps discovered:
D:1:      dpeg_arrival_pond, layout_basic, hangedman_decor_points
D:2:      mumra_celtic_spiral_tile, layout_loops_ring, basic_altar
D:3:      minmay_wonky_spiral, layout_loops_cross, uniq_sigmund, uniq_grinder

Skill      XL: |  1  2  3  4 |
---------------+-------------+-----
Axes           | 2 3 5 |  5.7
Fighting       | |  3.3
Armour         | |  3.2
Shields        | |  3.2

Action                     |  1- 3 |  4- 6 || total
---------------------------+-------+-------++-------
  Melee: War axe           |   111 |    36 ||   147
    Use: Scroll            |     4 |     1 ||     5
         Potion            |     1 |       ||     1
 Armour: Scale mail        |    57 |     5 ||    62
         Chain mail        |       |    13 ||    13
  Dodge: Dodged            |    47 |     6 ||    53
  Block: Buckler           |    18 |     4 ||    22

Table legend:
 A = Non-vault XP
 B = Vault XP
 C = Vault XP percentage of total XP
 D = Non-vault monster count
 E = Vault monster count
 F = Vault count percentage of total count
                 A         B        C        D         E       F
            +---------+---------+-------+---------+---------+-------
      Total |     107 |     267 |  71.4 |      47 |       1 |   2.1
            +---------+---------+-------+---------+---------+-------
        D:1 |      54 |       0 |   0.0 |      23 |       0 |   0.0
        D:2 |      35 |       0 |   0.0 |      19 |       0 |   0.0
        D:3 |      18 |     267 |  93.7 |       5 |       1 |  16.7
            +---------+---------+-------+---------+---------+-------
